Unix NetHack Version 5.0.0-0 post-release - last build May  3 2026 23:40:34 (9823c992c0763bbd039eca2974112f46eaf799b3,branch:main).

Game began 2026-05-04 11:31:15, ended 2026-05-04 20:19:25.

Drastanta, lawful female dwarven Valkyrie

 --------                                         ------
 |....).-#######                                  |....|
 |......|      ######################Z@#%e########-....|             -----
 |.......##               ######             #####|..).|             |...|
 |......| #      ----- ####                     ##---.--             |..<|
 |......| #######|...| #         ------------- ###   [              #....|
 --------       #-....##         |C.........C| #     ###        #####|...|
                 |.^.|           |.....C....%| #       #        #    |...|
                 |...|           |...-----...-########)##########    ---.-
                 -----           |...|.{.|...| #          #            ##
                                 |..C|{.{.C..| #          #            #
                                 |...|.{.|...| #          ##########  ##
                                 |...-----...| #                   #######
                                 |.....C.....| %                  -------|----
                                 |C.........C-##                  |.....^%...|
                                 -------------                    |.......>..|
                                                                  |..........|
                                                                  ------------

Drastanta the Fighter       St:13 Dx:18 Co:20 In:8 Wi:8 Ch:9  Lawful
Dlvl:5  $:192 HP:0(70) Pw:8(8) AC:4  Xp:6/326 T:3395  Fainted  Deaf

Latest messages:
 The newt bites!
 The newt bites!
 The newt bites!
 The newt bites!
 The newt just misses!
 The newt bites!
 The newt bites!
 The newt bites!
 The newt bites!
 The newt bites!
 The newt bites!
 The newt bites!
 The newt bites!
 The newt bites!
 The newt bites!
 The newt bites!
 The newt bites!
 The newt bites!
 The newt bites!
 The newt bites!
 The newt bites!
 The newt bites!
 The newt bites!
 The newt bites!
 The newt bites!
 The newt bites!
 The newt bites!
 The newt bites!
 The newt bites!
 The newt misses!
 The newt bites!
 The newt misses!
 The newt bites!
 The newt bites!
 The newt misses!
 You can move again.
 You kill the newt!
 You see here a newt corpse.
 You hit the dwarf zombie!
 The dwarf zombie hits!
 You faint from lack of food.
 The dwarf zombie hits!
 The dwarf zombie hits!
 The dwarf zombie hits!
 The dwarf zombie hits!
 The dwarf zombie hits!
 The dwarf zombie hits!
 You die...
 Do you want your possessions identified? [ynq] (y) y
 Do you want to see your attributes? [ynq] (y) q

Inventory:
 Coins    ('$')
  $ - 192 gold pieces
 Weapons  (')')
  b - a +0 dagger (alternate weapon; not wielded)
  a - a +1 dwarvish spear (weapon in right hand)
 Armor    ('[')
  M - an uncursed +0 pair of water walking boots (being worn)
  c - an uncursed +3 small shield (being worn)
  m - a cursed +0 cloak of magic resistance named Cloth of MR (being worn)
  o - an uncursed +0 dwarvish cloak
  p - a cursed +0 dwarvish mithril-coat
 Comestibles  ('%')
  r - a cursed carrot
  s - a cursed food ration
 Scrolls  ('?')
  R - 4 uncursed scrolls of blank paper
  v - a cursed scroll of create monster
  n - an uncursed scroll of enchant armor
  w - a cursed scroll of genocide
  t - an uncursed scroll of light
  N - an uncursed scroll of stinking cloud
  u - a cursed scroll of taming
 Spellbooks  ('+')
  O - an uncursed spellbook of clairvoyance
  e - an uncursed spellbook of detect monsters
  z - a cursed spellbook of force bolt
  x - a cursed spellbook of protection
  y - an uncursed spellbook of teleport away
 Potions  ('!')
  P - an uncursed potion of enlightenment
  f - an uncursed potion of full healing
  j - a cursed potion of gain energy
  i - an uncursed potion of healing
  Q - an uncursed potion of monster detection
  D - a cursed potion of monster detection
  S - an uncursed potion of see invisible
  C - a cursed potion of sleeping
  A - a blessed potion of speed
  h - an uncursed potion of speed
  B - a potion of unholy water named Unholy Potion
 Rings    ('=')
  G - a cursed +1 ring of gain constitution
  F - a cursed ring of levitation
  E - a cursed ring of polymorph control (on left hand)
 Wands    ('/')
  H - a cursed wand of polymorph (0:6)
  I - a wand of sleep named Sleep or Death (0:3)
 Tools    ('(')
  J - a cursed leather drum
  K - a cursed magic marker (0:22)
 Gems/Stones  ('*')
  g - an uncursed worthless piece of white glass
  k - a cursed worthless piece of white glass

Drastanta the Valkyrie's attributes:

Background:
 You were a Fighter, a level 6 dwarven Valkyrie.
 You were lawful, on a mission for Tyr
 who was opposed by Odin (neutral) and Loki (chaotic).
 You were right-handed.
 You were in the Dungeons of Doom, on level 5.
 You entered the dungeon 3395 turns ago.
 There was a full moon in effect when your adventure ended.
 You had 326 experience points, 314 more were needed to attain level 7.

Basics:
 You had 0 out of 70 hit points.
 You had all 8 energy points (spell power).
 Your armor class was 4.
 Your wallet contained 192 zorkmids.
 Autopickup was off.

Final Characteristics:
 Your strength was 13 (base:14, limit:18/100).
 Your dexterity was 18 (limit:20).
 Your constitution was 20 (limit:20).
 Your intelligence was 8 (limit:16).
 Your wisdom was 8 (limit:16).
 Your charisma was 9 (limit:16).

Final Status:
 You were deaf.
 You were fainted due to starvation.
 You were unencumbered.
 You were wielding a spear.
 You were skilled in spear.

Final Attributes:
 You were piously aligned.
 You were magic-protected.
 You were cold resistant.
 You were telepathic.
 You had infravision.
 You were stealthy.
 You could walk on water.
 You were warded.
 You had polymorph control.
 You were lucky.
 You are dead.

Miscellaneous:
 You encountered 2 bones levels.
 Total elapsed playing time was 1 hour, 12 minutes and 32 seconds.

Major events:
 Turn
    1: Drastanta the lawful dwarven Valkyrie entered the dungeon
  504: entered the Gnomish Mines
  765: attained the rank of Skirmisher (level 3)
 2759: attained the rank of Fighter (level 6)
 3395: killed by a dwarf zombie, while fainted from lack of food

You didn't know any spells.

Skills:
 Fighting Skills
   bare handed combat [Unskilled]
   two weapon combat  [Unskilled]
   riding             [Unskilled]
 Weapon Skills
   dagger             [Basic]
   axe                [Unskilled]
   pick-axe           [Unskilled]
   short sword        [Unskilled]
   broadsword         [Unskilled]
   long sword         [Unskilled]
   two-handed sword   [Unskilled]
   saber              [Unskilled]
   hammer             [Unskilled]
   quarterstaff       [Unskilled]
   polearms           [Unskilled]
   spear              [Skilled]
   trident            [Unskilled]
   lance              [Unskilled]
   sling              [Unskilled]
 Spellcasting Skills
   attack spells      [Unskilled]
   escape spells      [Unskilled]

Voluntary challenges:
 Character rerolling was not enabled.
 You never genocided any monsters.
 You never polymorphed an object.
 You never changed form.
 You used no wishes.
Achievements:
 You entered the Gnomish Mines.
 You entered a shop.
 You attained the rank of Skirmisher.
 You attained the rank of Fighter.

 The Dungeons of Doom: levels 1 to 6
    Level 1:
       A sink.
    Level 2:
       Stairs down to The Gnomish Mines.
    Level 3:
       A general store.
    Level 4:
       An altar.
       Final resting place for
          Snaker3-Wiz-Elf-Mal-Cha, killed by a gas spore's explosion.
    Level 5: <- You were here.
       Many fountains.
       Final resting place for
          you, killed by a dwarf zombie, while fainted from lack of food.
    Level 6:
 The Gnomish Mines:
    Level 3:
       Final resting place for
          s22467908m2-Val-Hum-Fem-Law, killed by a gnome lord.


Vanquished creatures:
  a ghost
  a small mimic
  a housecat
  a gnome mummy
  a pony
  a fog cloud
  a ghoul
  a paper golem
  2 baby crocodiles
  2 giant ants
  a floating eye
  2 kittens
  5 rothes
  a rabid rat
  a centipede
  a werejackal
  6 manes
  a large kobold
  a giant rat
  a yellow mold
  a green mold
  2 red molds
  2 jackals
  2 kobolds
  a goblin
  3 sewer rats
  6 grid bugs
  2 lichens
  4 newts
55 creatures vanquished.

No species were genocided or became extinct.

Game over:
                       ----------
                      /          \
                     /    REST    \
                    /      IN      \
                   /     PEACE      \
                  /                  \
                  |    Drastanta     |
                  |      192 Au      |
                  |   killed by a    |
                  |   dwarf zombie   |
                  |                  |
                  |                  |
                  |       2026       |
                 *|     *  *  *      | *
        _________)/\\_//(\/(/\)/\//\/|_)_______

Farvel Drastanta the Valkyrie...

You died in The Dungeons of Doom on dungeon level 5 with 1727 points,
and 192 pieces of gold, after 3395 moves.
You were level 6 with a maximum of 70 hit points when you died.

